 Dungeon Crawl Stone Soup version 0.32-a0-468-g38b2580584 (webtiles) character file.

Game seed: 13427009373437149236

18146 PriceMaster the Thaumaturge (level 12, -14/53 HPs)
             Began as a Spriggan Conjurer on Feb 24, 2024.
             Was a High Priest of Vehumet.
             Demolished by Rupert
             ... wielding a +1 great mace of holy wrath
              (30 damage)
             ... on level 3 of the Lair of Beasts.
             The game lasted 00:42:29 (18179 turns).

PriceMaster the Thaumaturge (Spriggan Conjurer)    Turns: 18179, Time: 00:42:29

Health: -14/53     AC:  5    Str:  3      XL:     12   Next: 25%
Magic:  26/30      EV: 19    Int: 25      God:    Vehumet [*****.]
Gold:   494        SH:  5    Dex: 13 (15) Spells: 12/38 levels left

rFire   . . .        B - +5 dagger "Osieg" {flame, rPois Dex+2}
rCold   . . .        (no shield)
rNeg    . . .        a - +1 robe
rPois   +            k - +2 hat
rElec   .            m - scarf {harm}
rCorr   .            (gloves unavailable)
SInv    +            (boots unavailable)
Will    ++...        y - amulet of reflection
Stlth   ++++         j - ring of ice
HPRegen 0.28/turn    p - ring of fire
MPRegen 0.22/turn

%: harm (+30% outgoing, +20% incoming), reflection
@: very slightly contaminated, very quick
A: very small, no large weapons, unfitting armour, see invisible, speed 3
a: Renounce Religion


You were on level 3 of the Lair of Beasts.
You worshipped Vehumet.
Vehumet was extremely pleased with you.
You visited 2 branches of the dungeon, and saw 12 of its levels.

You collected 494 gold pieces.

Inventory:

Hand Weapons
 h - a +1 dagger of draining
 B - the +5 dagger "Osieg" (weapon) {flame, rPois Dex+2}
   (You found it on level 9 of the Dungeon)

   Dex+2:     It affects your dexterity (+2).
   rPois:     It protects you from poison
Armour
 a - a +1 robe (worn)
 k - a +2 hat (worn)
 m - a scarf of harm (worn)
 A - a scarf of invisibility
Jewellery
 j - a ring of ice (left hand)
 n - an amulet of regeneration
 p - a ring of fire (right hand)
 u - an amulet of guardian spirit
 y - an amulet of reflection (around neck)
Talismans
 r - the serpent talisman of Hubris {rF+ Will+ Slay+2}
   (You found it on level 9 of the Dungeon)

   [serpent talisman]

   Slay+2:    It affects your accuracy & damage with ranged weapons and melee
   (+2).
   rF+:       It protects you from fire.
   Will+:     It increases your willpower.
Wands
 b - a wand of digging (9)
 d - a wand of mindburst (19)
 C - a wand of iceblast (10)
 E - a wand of charming (9)
Scrolls
 g - 3 scrolls of teleportation
 i - a scroll of fog
 o - a scroll of revelation {unknown}
 q - a scroll of identify
 t - 2 scrolls of fear
 w - 3 scrolls of enchant weapon
 G - a scroll of brand weapon
Potions
 c - 2 potions of enlightenment
 e - 4 potions of resistance
 f - a potion of cancellation
 l - a potion of brilliance
 s - 3 potions of lignification
 v - a potion of invisibility
 x - a potion of attraction
 z - 2 potions of might {unknown}
 D - a potion of curing


   Skills:
 + Level 1.1 Fighting
 * Level 7.3 Short Blades
 + Level 5.4 Dodging
 * Level 8.6 Stealth
 + Level 0.1 Shields
 + Level 13.9 Spellcasting
 + Level 8.3 Conjurations
 + Level 4.1 Translocations
 + Level 2.8 Fire Magic
 + Level 2.0 Air Magic
 + Level 3.0 Earth Magic
 + Level 6.4 Alchemy
 + Level 5.1 Evocations


You had 12 spell levels left.
You knew the following spells:

 Your Spells              Type           Power      Damage    Failure   Level
a - Magic Dart            Conj           100%       1d8       1%          1
b - Searing Ray           Conj           100%       2d8       1%          2
c - Mercury Vapours       Alch/Air       76%        N/A       1%          2
d - Fulminant Prism       Conj/Alch      26%        3d13      1%          4
e - Scorch                Fire           94%        2d8       1%          2
f - Brom's Barrelling Bo  Conj/Erth      45%        2d6       1%          4
g - Mephitic Cloud        Conj/Alch/Air  45%        N/A       1%          3
h - Iskenderun's Mystic   Conj/Tloc      48%        2d11      1%          4
i - Flame Wave            Conj/Fire      62%        2d14      1%          4

Your spell library contained the following spells:

 Spells                   Type           Power      Damage    Failure   Level
 Freeze                   Ice            100%       1d10      1%          1
 Sandblast                Erth           64%        2d14      1%          1
 Lesser Beckoning         Tloc           76%        N/A       1%          2
 Dazzling Flash           Conj/Hex       76%        N/A       1%          3
 Gell's Gravitas          Tloc           38%        N/A       1%          3
 Hailstorm                Conj/Ice       55%        3d11      1%          3
 Stone Arrow              Conj/Erth      90%        3d12      1%          3
 Teleport Other           Tloc           38%        N/A       1%          3
 Frozen Ramparts          Ice            52%        1d8       2%          3
 Passwall                 Erth           32%        N/A       2%          3
 Silence                  Hex/Air        11%        N/A       52%         5
 Curse of Agony           Necr           17%        N/A       67%         5


Dungeon Overview and Level Annotations

Branches:
Dungeon (9/15)             Temple (0/1) D:7            Lair (3/5) D:9
 Shoals (0/4) Lair:2        Snake (0/4) Lair:2
    Orc: D:9-12

Altars:
Ashenzari
Elyvilon
Fedhas
Gozag
Hepliaklqana
Kikubaaqudgha
Nemelex Xobeh
Qazlal
Trog
Vehumet
Xom
Zin
The Shining One

Shops:
D:3 (*[   D:5 :   D:9 [

Annotations:
Lair:3 Rupert


Innate Abilities, Weirdness & Mutations

You are very small and have problems with some larger weapons.
You are too small for most types of armour.
You have supernaturally acute eyesight. (SInv)
You cover ground extremely quickly. (Speed+++)


Message History

Done exploring.
Done exploring.
Done exploring.
You see here a yak skeleton.
You see here a yak skeleton.
There is a stone staircase leading down here.
You climb downwards.
Level annotation: Rupert Rupert hits you with a +1 great mace of holy wrath!!
Ouch! That really hurt!
* * * LOW HITPOINT WARNING * * *
There is a stone staircase leading up, spattered with blood here.
Okay, then.
Okay, then.
Hit: B) +5 dagger "Osieg" {flame, rPois Dex+2}
Press: ? - help, Dir - move target, f - Rupert
Aim: Rupert, wielding a +1 great mace of holy wrath and wearing a +3 scale mail of poison resistance (about 27% to evade the +5 dagger "Osieg")
Okay, then.
Okay, then.
Okay, then.
Okay, then.
Found a potion of magic.
Rupert roars madly and goes into a rage!
Rupert goes berserk!
Okay, then.
Okay, then.
Casting: Flame Wave (dangerous; 1% risk of failure)
Confirm with . or Enter, or press ? or * to list all spells.
Aiming: Brom's Barrelling Boulder (dangerous; 1% risk of failure)
Press: ? - help, Dir - move target, f - Rupert
Aim: Rupert, wielding a +1 great mace of holy wrath and wearing a +3 scale mail of poison resistance (berserk, 100% to hit)
You miscast Brom's Barrelling Boulder.
You are very lightly contaminated with residual magic.
Nothing appears to happen.
Rupert rages.
Rupert attacks as he pursues you!
Rupert hits you with a +1 great mace of holy wrath!!
Ouch! That really hurt!
You die...
Rupert roars with triumph.

## .## ...#### ###
.....#####.####
##......#......# .
##..............# !.
#...............## #
#..#...@............# ..
#P.....@.#.#........# ...
##.##.....#.....###.##
.P..#######..........##.#.##.
#....#..#............#......
#........<................
#..<........รท.............
........>.......#....<.......
................#.......$....


You could see Rupert (berserk).

Vanquished Creatures
  Erica (Lair:2)
  2 death yaks (Lair:1)
  2 black mambas (Lair:2)
  2 elephants (D:9)
  A water nymph (Lair:2)
  A torpor snail (Lair:1)
  2 cane toads (Lair:2)
  6 komodo dragons
  Jeremiah (D:6)
  A merfolk (Lair:2)
  9 blink frogs (Lair:1)
  Sigmund (D:5)
  A wyvern (Lair:2)
  21 yaks
  2 basilisks (Lair:1)
  A steam dragon (D:9)
  Duvessa (D:5)
  22 water moccasins
  A sky beast (D:8)
  An ogre (D:5)
  2 orc warriors
  A centaur (D:9)
  A kobold brigand (D:9)
  12 bullfrogs
  A gnoll sergeant (D:5)
  2 scorpions
  20 wights
  Dowan (D:5)
  5 howler monkeys
  A bombardier beetle (D:5)
  4 hounds
  A jelly (D:6)
  A gnoll bouda (D:4)
  6 orc priests
  4 iguanas
  Ijyb (D:5)
  10 orc wizards
  11 gnolls
  10 adders
  4 shadow imps
  6 white imps
  2 ufetubi (D:6)
  A ribbon worm (D:3)
  5 dart slugs
  25 orcs
  4 ball pythons
  8 endoplasms
  3 giant cockroaches
  6 goblins
  8 hobgoblins
  21 kobolds
  2 quokkas
  4 bats
  2 frilled lizards
  5 rats
  A spectral kobold (D:3)
  A spectral orc (D:6)
  6 boulders
  10 fulminant prisms
297 creatures vanquished.

Vanquished Creatures (collateral kills)
  A yak (Lair:1)
  A kobold brigand (D:8)
  13 boulders
15 creatures vanquished.

Vanquished Creatures (others)
  19 boulders
  102 fulminant prisms
121 creatures vanquished.

Grand Total: 433 creatures vanquished

Notes
Turn   | Place    | Note
-------+----------+-------------------------------------------
     0 | D:1      | PriceMaster the Spriggan Conjurer began the quest for the
                  | Orb.
     0 | D:1      | Reached XP level 1. HP: 9/9 MP: 5/5
   402 | D:1      | Reached XP level 2. HP: 13/13 MP: 1/6
   405 | D:1      | Learned a level 2 spell: Searing Ray
  1414 | D:2      | Reached XP level 3. HP: 16/16 MP: 2/8
  1629 | D:2      | Reached skill level 3 in Spellcasting
  2550 | D:3      | Found an ancient bone altar of Kikubaaqudgha.
  2552 | D:3      | Reached XP level 4. HP: 21/21 MP: 8/10
  3086 | D:3      | Found Luptoih's Armour Emporium.
  3149 | D:3      | Found a faded altar of an unknown god.
  3169 | D:3      | Prayed at the altar of an unknown god.
  3169 | D:3      | Became a worshipper of Vehumet
  3169 | D:3      | Reached * piety under Vehumet
  3169 | D:3      | Offered knowledge of Shock by Vehumet.
  3417 | D:3      | Found Muyf's Weapon Shoppe.
  3726 | D:3      | Reached XP level 5. HP: 14/24 MP: 3/11
  3799 | D:3      | Found Cocofic's Assorted Antiques.
  3966 | D:4      | Reached skill level 4 in Spellcasting
  4129 | D:4      | Offered knowledge of Mercury Vapours by Vehumet.
  4259 | D:4      | Reached ** piety under Vehumet
  4359 | D:4      | Reached skill level 1 in Short Blades
  4368 | D:4      | Reached skill level 5 in Spellcasting
  4368 | D:4      | Reached XP level 6. HP: 18/29 MP: 1/14
  4542 | D:4      | Found a white marble altar of Elyvilon.
  4714 | D:5      | Entered Level 5 of the Dungeon
  4720 | D:5      | Noticed Duvessa
  4732 | D:5      | Killed Duvessa
  4733 | D:5      | Noticed Dowan
  4734 | D:5      | Killed Dowan
  4735 | D:5      | Reached XP level 7. HP: 32/32 MP: 5/16
  4915 | D:5      | Found Dyklumun's Book Shop.
  4977 | D:5      | Noticed Ijyb
  4985 | D:5      | Killed Ijyb
  5085 | D:5      | Reached skill level 6 in Spellcasting
  5224 | D:5      | Reached skill level 5 in Conjurations
  5391 | D:5      | Noticed Sigmund
  5406 | D:5      | Killed Sigmund
  5428 | D:5      | Reached XP level 8. HP: 29/37 MP: 10/19
  5463 | D:5      | Reached skill level 1 in Evocations
  5466 | D:5      | Learned a level 2 spell: Mercury Vapours
  5536 | D:5      | Reached skill level 7 in Spellcasting
  5586 | D:5      | Found a glowing golden altar of the Shining One.
  5588 | D:5      | Found a stormy altar of Qazlal.
  5626 | D:5      | Found a bloodstained altar of Trog.
  5649 | D:5      | Offered knowledge of Scorch by Vehumet.
  5882 | D:5      | Found a shimmering altar of Xom.
  5893 | D:5      | Found a sparkling altar of Nemelex Xobeh.
  6296 | D:6      | Found a broken altar of Ashenzari.
  6526 | D:6      | Reached *** piety under Vehumet
  6527 | D:6      | Reached skill level 1 in Alchemy
  6721 | D:6      | Noticed Jeremiah
  6759 | D:6      | Killed Jeremiah
  6760 | D:6      | Reached skill level 5 in Stealth
  6760 | D:6      | Reached skill level 8 in Spellcasting
  6760 | D:6      | Reached skill level 1 in Air Magic
  7110 | D:6      | Learned a level 4 spell: Fulminant Prism
  7134 | D:6      | Learned a level 2 spell: Scorch
  7153 | D:6      | Reached XP level 9. HP: 40/40 MP: 11/22
  7263 | D:6      | Offered knowledge of Inner Flame by Vehumet.
  7591 | D:6      | Found a hazy altar of Hepliaklqana.
  8093 | D:7      | Found a staircase to the Ecumenical Temple.
  8114 | D:7      | Reached skill level 9 in Spellcasting
  8526 | D:7      | Found a blossoming altar of Fedhas.
  9173 | D:8      | Reached **** piety under Vehumet
  9580 | D:8      | Learned a level 4 spell: Brom's Barrelling Boulder
  9709 | D:8      | Found a glowing silver altar of Zin.
  9797 | D:8      | Reached skill level 5 in Alchemy
  9816 | D:8      | Offered knowledge of Mephitic Cloud by Vehumet.
  9817 | D:8      | Reached skill level 10 in Spellcasting
  9859 | D:8      | Reached skill level 5 in Dodging
 10272 | D:8      | Learned a level 3 spell: Mephitic Cloud
 10693 | D:9      | Found an opulent altar of Gozag.
 10786 | D:9      | Noticed an elephant
 10858 | D:9      | Killed an elephant
 10859 | D:9      | Reached skill level 1 in Earth Magic
 10859 | D:9      | Reached XP level 10. HP: 35/44 MP: 6/25
 11237 | D:9      | Identified the +5 dagger "Osieg" {flame, rPois Dex+2}
 11563 | D:9      | Learned a level 4 spell: Iskenderun's Mystic Blast
 11584 | D:9      | Noticed an elephant
 11585 | D:9      | Found a staircase to the Lair.
 11607 | D:9      | Killed an elephant
 11608 | D:9      | Reached skill level 1 in Fighting
 11780 | D:9      | Reached skill level 11 in Spellcasting
 12179 | D:9      | Found Campyf's Armour Shoppe.
 12566 | D:9      | Identified the serpent talisman of Hubris {rF+ Will+
                  | Slay+2}
 13015 | Lair:1   | Entered Level 1 of the Lair of Beasts
 13230 | Lair:1   | Reached skill level 1 in Translocations
 13235 | Lair:1   | Reached skill level 1 in Fire Magic
 13519 | Lair:1   | Reached skill level 12 in Spellcasting
 13907 | Lair:1   | Reached XP level 11. HP: 49/49 MP: 18/28
 14009 | Lair:1   | Noticed a death yak
 14012 | Lair:1   | Noticed a death yak
 14016 | Lair:1   | Killed a death yak
 14017 | Lair:1   | Reached skill level 5 in Short Blades
 14026 | Lair:1   | Killed a death yak
 15076 | Lair:2   | You fall into a shaft and drop 1 floor!
 15087 | Lair:3   | Noticed Rupert
 15218 | Lair:2   | Noticed Erica
 15225 | Lair:2   | Killed Erica
 15226 | Lair:2   | Reached skill level 13 in Spellcasting
 15385 | Lair:2   | Found a staircase to the Shoals.
 15393 | Lair:2   | Reached ***** piety under Vehumet
 15413 | Lair:2   | Offered knowledge of Flame Wave by Vehumet.
 15834 | Lair:2   | Learned a level 4 spell: Flame Wave
 16170 | Lair:2   | Reached skill level 5 in Evocations
 16365 | Lair:2   | Reached XP level 12. HP: 53/53 MP: 23/30
 16397 | Lair:2   | Found a staircase to the Snake Pit.
 17422 | Lair:2   | Upgraded the game from 0.32-a0-450-g080537f31e to
                  | 0.32-a0-468-g38b2580584
 18179 | Lair:3   | Demolished by Rupert

Illustrated notes

Levels and vault maps discovered:
D:1:      saegor_arrival_simple_d, layout_basic, roderic_st_hans_cross,
          minmay_misc_feat_plants
D:2:      layout_basic, minmay_octomino_j4
D:3:      layout_basic, mainiacjoe_overflow_concentric_impassable,
          dreamdust_ecumenical_altar_drowned_temple, serial_shops, shop, shop,
          nicolae_diamond_shop
D:4:      layout_rooms, elyvilon_altar_3
D:5:      layout_basic, trog_hazing_becter, mainiacjoe_overflow_catwalk_spiral,
          minitemple, serial_shops, shop, serial_library_hellmonk_narrow_alcove,
          dreamdust_princess_corridor, uniq_ijyb, uniq_sigmund, uniq_duvessa
D:6:      layout_basic, nicolae_hepliaklqana_monster_ancestors,
          ashenzari_conservatory_becter, uniq_jeremiah
D:7:      layout_basic, fedhas_altar_3, temple_pool_b
D:8:      layout_loops_ring, nicolae_overflow_hidden_temple
D:9:      layout_stronghold, grunt_gozag_statues,
          grunt_lair_entry_orc_guard_hut, serial_shops,
          nicolae_shop_statue_plus, nicolae_figureground_pulse
Lair:1:   layout_roguey
Lair:2:   layout_long_grid, nicolae_shoals_entry_flooding,
          minmay_snake_entry_six_corridors, beast_lair_carwin_8, uniq_erica
Lair:3:   layout_cave_shapes, nicolae_lair_lindhole, uniq_rupert

Skill      XL: |  1  2  3  4  5  6  7  8  9 10 11 12 |
---------------+-------------------------------------+-----
Conjurations   | 3 4 5 6 7 8 |  8.3
Spellcasting   | 3 5 6 8 10 12 13 | 13.9
Dodging        | 3 4 5 |  5.4
Short Blades   | 1 2 4 6 7 |  7.3
Stealth        | 4 5 8 |  8.6
Evocations     | 1 4 5 |  5.1
Alchemy        | 3 5 6 |  6.4
Air Magic      | 1 2 |  2.0
Earth Magic    | 1 2 3 |  3.0
Fighting       | 1 |  1.1
Translocations | 2 4 |  4.1
Fire Magic     | 1 2 |  2.8
Shields        | |  0.1

Action                     |  1- 3 |  4- 6 |  7- 9 | 10-12 || total
---------------------------+-------+-------+-------+-------++-------
  Melee: Unarmed           |     2 |       |       |       ||     2
         Dagger            |     4 |    24 |    19 |    10 ||    57
   Cast: Magic Dart        |    83 |   110 |    91 |    37 ||   321
         Searing Ray       |       |     9 |    35 |     7 ||    51
         Mercury Vapours   |       |       |    14 |     7 ||    21
         Fulminant Prism   |       |       |    47 |    65 ||   112
         Brom's Barrelling |       |       |    14 |    42 ||    56
         Scorch            |       |       |     6 |    45 ||    51
         Mephitic Cloud    |       |       |     3 |     5 ||     8
         Iskenderun's Myst |       |       |       |    24 ||    24
         Flame Wave        |       |       |       |     4 ||     4
  Evoke: Wand              |       |     1 |    19 |    13 ||    33
    Use: Scroll            |       |     5 |    16 |     6 ||    27
         Potion            |       |       |     3 |     8 ||    11
 Armour: Robe              |     3 |    18 |    27 |    17 ||    65
  Dodge: Dodged            |     2 |    34 |    36 |    30 ||   102
  Block: Other             |       |       |     1 |     4 ||     5
         Form:             |       |       |       |     1 ||     1
         Serpent           |       |       |       |     1 ||     1

Table legend: (Time is in decaauts)
 A = Elapsed time spent in this place.
 B = Non-inter-level travel time spent in this place.
 C = Inter-level travel time spent in this place.
 D = Time resting spent in this place.
 E = Time spent auto-exploring this place.
 F = Levels seen in this place.
 G = Mean time per level.
                   A        B        C        D        E       F      G
               +--------+--------+--------+--------+--------+-----+--------+
         Total |  15025 |  14795 |    230 |   6104 |   6978 |  12 | 1252.1 |
       Dungeon |  10485 |  10310 |    175 |   3016 |   6055 |   9 | 1165.0 |
          Lair |   4539 |   4484 |     55 |   3088 |    923 |   3 | 1513.0 |
               +--------+--------+--------+--------+--------+-----+--------+

Top non-repeatable levels by time:
  Lair:2: 2751 daAuts
     D:9: 2327 daAuts
  Lair:1: 1752 daAuts
     D:6: 1440 daAuts
     D:5: 1265 daAuts
     D:3: 1135 daAuts
     D:2: 1082 daAuts
     D:8: 1014 daAuts
     D:7: 815 daAuts
     D:1: 804 daAuts
     D:4: 599 daAuts
  Lair:3: 35 daAuts
